 Dungeon Crawl Stone Soup version 0.30-a0-587-gfd7c166f36 (webtiles) character file.

Game seed: 5009462604257364601

92 Bnni the Vexing (level 4, -2/33 HPs)
             Began as a Formicid Hexslinger on Jan 4, 2023.
             Slain by a gnoll
             ... wielding a +0 flail
              (6 damage)
             ... on level 2 of the Dungeon.
             The game lasted 00:01:55 (2013 turns).

Bnni the Vexing (Formicid Hexslinger)               Turns: 2013, Time: 00:01:56

Health: -2/33      AC:  3    Str: 14    XL:     4   Next: 90%
Magic:  3/6        EV: 12    Int: 15    God:
Gold:   85         SH:  0    Dex: 14    Spells: 2/6 levels left

rFire   . . .      SeeInvis +    a - +1 sling
rCold   . . .      Faith    .    (no shield)
rNeg    . . .      Spirit   .    c - +0 robe
rPois   .          Reflect  .    (helmet unavailable)
rElec   .          Harm     .    (no cloak)
rCorr   .          Rampage  .    (no gloves)
Will    .....                    k - +0 pair of boots
Stlth   +                        (no amulet)
HPRegen 0.25/turn                m - ring of wizardry
MPRegen 0.10/turn                (no ring)

@: no status effects
A: permanent stasis, dig shafts and tunnels, antennae 3, four strong arms
a: Dig, Shaft Self


You were on level 2 of the Dungeon.
You visited 1 branch of the dungeon, and saw 3 of its levels.

You collected 155 gold pieces.
You spent 70 gold pieces at shops.

Inventory:

Hand Weapons
 a - a +1 sling (weapon)
Missiles
 s - 3 poisoned darts
Armour
 c - a +0 robe (worn)
 k - a +0 pair of boots (worn)
Jewellery
 m - a ring of wizardry (left hand)
Scrolls
 b - a scroll of poison
 d - a scroll of acquirement {unknown}
 e - a scroll of fear {unknown}
 i - 2 scrolls of immolation {unknown}
 l - a scroll of noise {unknown}
 n - 2 scrolls of blinking {unknown}
 o - a scroll of amnesia {unknown}
 q - a scroll of teleportation {unknown}
Potions
 f - a potion of cancellation {unknown}
 g - a potion of haste {unknown}
 h - a potion of attraction {unknown}
 j - a potion of heal wounds
 p - 2 potions of curing {unknown}
 r - a potion of might {unknown}


   Skills:
 + Level 1.8 Fighting
 * Level 2.8 Ranged Weapons
 - Level 1.7 Dodging
 + Level 1.6 Spellcasting
 * Level 4.4 Hexes
 * Level 1.9 Fire Magic


You had 2 spell levels left.
You knew the following spells:

 Your Spells              Type           Power      Damage    Failure   Level
a - Slow                  Hex            56%        N/A       1%          1
b - Inner Flame           Hex/Fire       10%        N/A       8%          3

Your spell library contained the following spells:

 Spells                   Type           Power      Damage    Failure   Level
 Portal Projectile        Hex/Tloc       14%        N/A       12%         3
 Cause Fear               Hex            7%         N/A       16%         4


Dungeon Overview and Level Annotations

Branches:
Dungeon (3/15)

Altars:

Shops:
D:1 *   D:2 !


Innate Abilities, Weirdness & Mutations

You cannot be hasted, slowed, berserked, paralysed or teleported.
You can dig through walls and to a lower floor.
You have a pair of large antennae on your head. (SInv)
Your four strong arms can wield two-handed weapons with a shield.


Message History

The orc hits you with a +0 club. The gnoll barely misses you.
You climb upwards.
There is a stone staircase leading down here.
You shoot a sling bullet. The sling bullet hits the orc.
The orc is heavily wounded.
The gnoll closely misses you. The orc barely misses you.
You shoot a sling bullet.
The sling bullet closely misses the orc.
The gnoll hits you with a +0 flail! The orc hits you with a +0 club.
The gnoll barely misses you. The orc hits you with a +0 club.
You are too injured to fight recklessly!
You are too injured to fight recklessly!
Casting: Slow (safe; 1% risk of failure)
Confirm with . or Enter, or press ? or * to list all spells.
Aiming: Slow (safe; 1% risk of failure)
Press: ? - help, Shift-Dir - straight line, f/p - orc
Aim: an orc, wielding a +0 club (heavily wounded, chance to affect: 65%)
The orc seems to slow down.
The gnoll closely misses you.
Casting: Slow (safe; 1% risk of failure)
Confirm with . or Enter, or press ? or * to list all spells.
Aiming: Slow (safe; 1% risk of failure)
Press: ? - help, Shift-Dir - straight line, f - gnoll, p - orc
Aim: a gnoll, wielding a +0 flail (chance to affect: 56%)
The gnoll resists with significant effort.
The orc closely misses you. The gnoll barely misses you.
You shoot a sling bullet. The sling bullet hits the orc.
The orc is severely wounded.
The gnoll closely misses you. The orc hits you with a +0 club.
You shoot a sling bullet. The sling bullet hits the orc.
You kill the orc!
The gnoll hits you with a +0 flail!
* * * LOW HITPOINT WARNING * * *
Casting: Slow (safe; 1% risk of failure)
Confirm with . or Enter, or press ? or * to list all spells.
Aiming: Slow (safe; 1% risk of failure)
Press: ? - help, Shift-Dir - straight line, f - gnoll
Aim: a gnoll, wielding a +0 flail (chance to affect: 56%)
The gnoll resists with significant effort.
The gnoll hits you with a +0 flail.
You die...

##.###..# #.#
........###.#
..........#.#
##.####.#.#.# #.#
#.#)#.###### #.#
#.#........#
##.####.#.....##.#
........#.....##g#
#########.(...##@#
#.....##)#
#.######.# #.# #.#
#.# #.# #.# #.#
#.# #.# #.######.#
#........#


You could see a gnoll.

Vanquished Creatures
  A gnoll (D:2)
  5 adders (D:2)
  A worm (D:2)
  An orc (D:2)
  An endoplasm (D:2)
  A giant cockroach (D:2)
  5 goblins
  2 hobgoblins
  3 kobolds
  8 ball pythons
  4 bats
  5 frilled lizards
  3 rats (D:1)
40 creatures vanquished.

Notes
Turn   | Place    | Note
-------+----------+-------------------------------------------
     0 | D:1      | Bnni the Formicid Hexslinger began the quest for the Orb.
     0 | D:1      | Reached XP level 1. HP: 15/15 MP: 2/2
   213 | D:1      | Reached XP level 2. HP: 21/21 MP: 3/3
   360 | D:1      | Found Xakeuxec's General Store.
   373 | D:1      | Bought a potion of heal wounds for 70 gold pieces
   629 | D:1      | You fall into a shaft and drop 1 floor!
   734 | D:2      | Reached skill level 4 in Hexes
   761 | D:2      | Found Ucankex's Distillery.
   771 | D:2      | Reached skill level 1 in Fire Magic
   771 | D:2      | Reached XP level 3. HP: 25/26 MP: 3/5
   775 | D:2      | Learned a level 3 spell: Inner Flame
  1320 | D:2      | Reached XP level 4. HP: 26/33 MP: 4/6
  1398 | D:2      | HP: 1/33 [poisoned by an adder]
  2013 | D:2      | Slain by a gnoll

Illustrated notes

Levels and vault maps discovered:
D:1:      dpeg_arrival_connections, layout_basic, serial_shops,
          nicolae_diamond_shop, minivault_25, fountainhead,
          chequers_serial_rivers_micro_a
D:2:      layout_loops_ring, serial_shops, nicolae_shop_behind_doors
D:3:      kennysheep_goblin_castle, layout_basic, tgw_kikubaaqudgha,
          hellmonk_ecumenical_altar_lost_god, minmay_box_of_dots

Skill      XL: |  1  2 |
---------------+-------+-----
Hexes          | 4 |  4.4
Fire Magic     | 1 |  1.9
Fighting       | |  1.8
Ranged Weapons | |  2.8
Dodging        | |  1.7
Spellcasting   | |  1.6

Action                   |  1- 3 |  4- 6 || total
-------------------------+-------+-------++-------
 Fire: Sling             |   125 |    46 ||   171
 Cast: Slow              |     3 |     6 ||     9
Armor: Robe              |    13 |    11 ||    24
Dodge: Dodged            |    43 |    33 ||    76

Table legend: (Time is in decaauts)
 A = Elapsed time spent in this place.
 B = Non-inter-level travel time spent in this place.
 C = Inter-level travel time spent in this place.
 D = Time resting spent in this place.
 E = Time spent auto-exploring this place.
 F = Levels seen in this place.
 G = Mean time per level.
                   A        B        C        D        E       F      G
               +--------+--------+--------+--------+--------+-----+--------+
         Total |   2065 |   1935 |    130 |    272 |   1312 |   3 |  688.3 |
       Dungeon |   2065 |   1935 |    130 |    272 |   1312 |   3 |  688.3 |
               +--------+--------+--------+--------+--------+-----+--------+

Top non-repeatable levels by time:
     D:2: 1229 daAuts
     D:1: 821 daAuts
     D:3: 14 daAuts
